 Dungeon Crawl Stone Soup version 0.27.0-1-g7a089689b8 (webtiles) character file.

Game seed: 12888403397817298074

35 Spectrina the Sneak (level 3, 0/22 HPs)
             Began as a Deep Elf Monk on Aug 1, 2021.
             Slain by a hound (4 damage)
             ... on level 4 of the Dungeon.
             The game lasted 00:04:15 (623 turns).

Spectrina the Sneak (Deep Elf Monk)                  Turns: 623, Time: 00:04:16

Health: 0/22       AC:  6    Str:  8    XL:     3   Next: 16%
Magic:  5/5        EV: 11    Int: 15    God:
Gold:   97         SH:  0    Dex: 17    Spells: 2/2 levels left

rFire    . . .     SeeInvis .   a - +4 dagger
rCold    + . .     Faith    .   (no shield)
rNeg     . . .     Spirit   .   p - +0 ring mail {rPois}
rPois    +         Reflect  .   (no helmet)
rElec    .         Harm     .   (no cloak)
rCorr    .         Rampage  .   k - +0 pair of gloves
Will     .....                  (no boots)
Stlth    ++........             (no amulet)
HPRegen  0.07/turn              g - ring of protection from cold
MPRegen  0.09/turn              (no ring)

@: no status effects
A: no striking features
a: no special abilities


You were on level 4 of the Dungeon.
You visited 1 branch of the dungeon, and saw 5 of its levels.

You collected 97 gold pieces.

Inventory:

Hand Weapons
 a - a +4 dagger (weapon)
 e - a +0 dagger
 r - a +0 short sword
Missiles
 c - 34 bolts
 j - 18 arrows
 o - 10 sling bullets
Armour
 b - a +0 robe
 k - a +0 pair of gloves (worn)
 p - a +0 ring mail of poison resistance (worn)
Jewellery
 g - a ring of protection from cold (left hand)
Scrolls
 f - a scroll of holy word {unknown}
 h - a scroll of identify {unknown}
 l - a scroll of fog {unknown}
 m - a scroll of amnesia {unknown}
 q - a scroll of teleportation {unknown}
Potions
 d - a potion of mutation {unknown}
 i - a potion of ambrosia {unknown}
 n - a potion of curing {unknown}


   Skills:
 - Level 2.4 Fighting
 - Level 3.0 Short Blades
 - Level 3.6 Dodging
 + Level 4.7 Stealth


You had 2 spell levels left.
You didn't know any spells.
Your spell library contained the following spells:

 Spells                   Type           Power      Damage    Failure   Level
 Call Canine Familiar     Summ           0%         N/A       94%         3
 Portal Projectile        Hex/Tloc       0%         N/A       94%         3
 Leda's Liquefaction      Hex/Erth       0%         N/A       100%        4


Dungeon Overview and Level Annotations

Branches:
Dungeon (5/15)
 Temple: D:4-7

Altars:
Gozag

Annotations:
D:2 Jessica
D:5 Edmund


Message History

You hit the hound but do no damage.
The hound is moderately wounded.
The hound bites you.
* * * LOW HITPOINT WARNING * * *
You barely miss the hound.
The hound is moderately wounded.
The hound closely misses you.
You barely miss the hound.
The hound is moderately wounded.
The hound bites you.
* * * LOW HITPOINT WARNING * * *
The hound barely misses you.
You closely miss the hound.
The hound is moderately wounded.
The hound bites you but does no damage.
You hit the hound.
The hound is heavily wounded.
The hound barely misses you.
You closely miss the hound.
The hound is heavily wounded.
The hound closely misses you.
You hit the hound.
The hound is heavily wounded.
The hound bites you but does no damage. x2
You closely miss the hound.
The hound is heavily wounded.
The hound closely misses you.
You miss the hound.
The hound is heavily wounded.
The hound bites you but does no damage.
You closely miss the hound.
The hound is heavily wounded.
The hound closely misses you.
You closely miss the hound.
The hound is heavily wounded.
The hound misses you. The hound barely misses you.
You hit the hound.
The hound is almost dead.
The hound bites you.
You die...

#### ..# ..# ##.# #.K# #h#
#@# # #.# .# ......#
.#######.#..# ......+
......#.....#
......#######...#####
......##....[...# ########
......##.......># #......#
......##.......## #......#
......##.......######......#


You could see a hound and a kobold.

Vanquished Creatures
  An adder (D:4)
  An adder skeleton (D:4)
  2 orcs (D:4)
  A bat (D:3)
  An endoplasm (D:4)
  A giant cockroach (D:3)
  3 goblins
  4 jackals (D:2)
  2 quokkas
  A ball python (D:3)
  A rat (D:3)
18 creatures vanquished.

Notes
Turn   | Place    | Note
-------+----------+-------------------------------------------
     0 | D:1      | Spectrina the Deep Elf Monk began the quest for the Orb.
     0 | D:1      | Reached XP level 1. HP: 13/13 MP: 3/3
    41 | D:2      | Reached skill level 3 in Stealth
   154 | D:3      | Reached XP level 2. HP: 12/18 MP: 4/4
   166 | D:3      | Found a faded altar of an unknown god.
   241 | D:2      | Noticed Jessica
   295 | D:4      | Reached skill level 4 in Stealth
   355 | D:4      | Reached XP level 3. HP: 22/22 MP: 5/5
   363 | D:4      | Found an opulent altar of Gozag.
   403 | D:5      | Entered Level 5 of the Dungeon
   501 | D:5      | Noticed Edmund
   623 | D:4      | Slain by a hound

Illustrated notes

Levels and vault maps discovered:
D:1:      minmay_arrival_five_plusses, layout_loops_ring, minmay_misc_feat_five,
          minmay_tree_intersection
D:2:      layout_loops_cross, uniq_crazy_yiuf_cottage, uniq_jessica
D:3:      layout_rooms, dreamdust_ecumenical_altar_angels_and_demons,
          dk_noncrumbling_2, chequers_arboretum, uniq_robin
D:4:      minmay_wonky_spiral, layout_basic, nemelex_diamond_rough_becter,
          kennysheep_mini_moat, minmay_temple_entry_junction, minmay_surrounded
D:5:      layout_gridville, uniq_grinder, uniq_edmund

Skill      XL: |  1  2 |
---------------+-------+-----
Stealth        | 3 4 |  4.7
Fighting       | |  2.4
Short Blades   | |  3.0
Dodging        | |  3.6

Action                   || total
-------------------------++-------
Melee: Short sword       ||    53
       Dagger            ||    36
 Stab: Sleeping          ||     5
Armor: Robe              ||     9
       Ring mail         ||     7
Dodge: Dodged            ||    56
